 Dungeon Crawl Stone Soup version 0.23-a0-644-gb60d84b (webtiles) character file.

3947 Borgoz the Cleaver (level 10, -2/136 HPs)
             Began as a Hill Orc Abyssal Knight on Jan 1, 2019.
             Was an Elder of Lugonu.
             Slain by an ogre
             ... wielding a +0 giant club
              (13 damage)
             ... on level 9 of the Dungeon.
             The game lasted 00:15:35 (9517 turns).

Borgoz the Cleaver (Hill Orc Abyssal Knight)        Turns: 9517, Time: 00:15:36

Health: -2/136     AC: 25    Str: 21    XL:     10   Next: 21%
Magic:  12/12      EV:  2    Int: 12    God:    Lugonu [****..]
Gold:   419        SH:  0    Dex: 17    Spells: 9/9 levels left

rFire    + . .     SeeInvis .   F - +4 hand axe of Quyway {holy, *Noise rF+ Dex+4}
rCold    . . .     Gourm    .   (no shield)
rNeg     + + +     Faith    .   (armour currently unavailable)
rPois    +         Spirit   .   (helmet currently unavailable)
rElec    .         Reflect  .   (cloak currently unavailable)
rCorr    .         Harm     .   (gloves currently unavailable)
MR       .....     NoTele   +   (boots currently unavailable)
Stlth    +.........             (no amulet)
HPRegen  0.32/turn              e - ring of poison resistance (curse)
MPRegen  0.13/turn              m - ring of attention (curse)

@: mighty, tree-form
A: no striking features
a: Depart the Abyss, Bend Space, Banish, Corrupt, Renounce Religion


You were on level 9 of the Dungeon.
You worshipped Lugonu.
Lugonu was greatly pleased with you.
You were hungry.
You were a tree.
You visited 2 branches of the dungeon, and saw 10 of its levels.
You visited the Abyss 1 time.
You also visited: Ossuary.

You collected 419 gold pieces.

Inventory:

Hand Weapons
 y - a +5 trident of piercing
 F - the +4 hand axe of Quyway (weapon) {holy, *Noise rF+ Dex+4}
   (You found it on level 7 of the Dungeon)

   It has been blessed by the Shining One to cause great damage to the undead
   and demons.
   It affects your dexterity (+4).
   It protects you from fire.
   It may make noises in combat.
 G - a +2 dagger of draining
Armour
 d - a +0 cloak (melded)
 h - a +2 pair of boots (melded)
 j - a cursed +1 ring mail (melded)
 s - a +2 leather armour of fire resistance
Jewellery
 e - a cursed ring of poison resistance (left branch)
 m - a cursed ring of attention (right branch)
 n - a cursed -3 ring of protection {unknown}
Wands
 a - a wand of digging (3)
 g - a wand of paralysis (5)
 B - a wand of random effects (5)
Scrolls
 k - 2 scrolls of teleportation
 o - a scroll of remove curse {unknown}
 A - a scroll of immolation {unknown}
 C - a scroll of amnesia
 D - 2 scrolls of magic mapping {unknown}
Potions
 f - 3 potions of haste
 i - 2 potions of berserk rage
 l - 2 potions of might
 p - a potion of lignification
 q - 7 potions of flight
 v - 3 potions of brilliance
 w - 2 potions of resistance {unknown}
 x - a potion of degeneration {unknown}
 z - a potion of invisibility {unknown}
 E - a potion of agility {unknown}
Comestibles
 c - 12 rations
 r - 8 chunks of flesh


   Skills:
 + Level 9.1 Fighting
 + Level 12.5 Axes
 + Level 7.4 Armour
 + Level 4.0 Dodging
 + Level 2.6 Invocations


You had 9 spell levels left.
You didn't know any spells.
Your spell library contained the following spells:

 Spells                   Type           Power        Failure   Level  Hunger
 Malign Gateway           Summ/Tloc      #.........   100%        7    #######
 Monstrous Menagerie      Summ           #.........   100%        7    #######
 Summon Greater Demon     Summ           #.........   100%        7    #######
 Summon Horrible Things   Summ           #.........   100%        8    #######


Dungeon Overview and Level Annotations

Branches:
Dungeon (9/15)             Temple (1/1) D:4
   Lair: D:8-11         Orc: D:9-12

Altars:
Ashenzari
Cheibriados
Dithmenos
Elyvilon
Gozag
Kikubaaqudgha
Makhleb
Nemelex Xobeh
Okawaru
Qazlal
Sif Muna
Uskayaw
Vehumet
Wu Jian
Yredelemnul
Zin

Shops:
D:4 *


Message History

You're too confused!
You feel better.
You feel less invigorated. The ogre closely misses you.
You turn into a tree.
Your +0 cloak melds into your body.
Your +2 pair of boots melds into your body.
Your cursed +1 ring mail melds into your body.
Your roots penetrate the ground.
The two-headed ogre barely misses you.
The two-headed ogre hits you with a +0 giant club!
* * * LOW HITPOINT WARNING * * *
You hit the two-headed ogre.
The two-headed ogre is severely wounded.
You completely miss the ogre. You slash the orc wizard!
Your hand axe of Quyway gives off a sizzling sound.
You hear a shout! x3
The ogre hits you with a +0 giant club!
* * * LOW HITPOINT WARNING * * *
The two-headed ogre hits you but does no damage. x2
You feel better.
The orc wizard hits you but does no damage.
The ogre hits you with a +0 giant club!
You die...

#...### #..## .
#(÷# ####.# #..#
.....#
#.†##......
.#####†)).......
.......))....###
.......O.......#
.......♣o....#.#
..###.##O###.# #
. #. #.# ... ..
#.# ... ## ...
_. #.# #?# ..


You could see a two-headed ogre, an ogre and an orc wizard.

Vanquished Creatures
  2 humans (D:8)
  Grum (D:8)
  A water moccasin (D:9)
  2 orc warriors (D:8)
  2 ice beasts
  A necrophage (D:9)
  A phantom (D:7)
  4 ogres
  2 wolves (D:8)
  2 centaurs
  An elf zombie (D:6)
  2 bullfrogs
  A gnoll sergeant (D:7)
  An elf skeleton (D:6)
  9 scorpions
  4 howler monkeys
  A bullfrog zombie (D:6)
  A crimson imp (D:5)
  2 centaur zombies
  6 hounds
  2 human zombies (Ossuary)
  2 orc priests
  A centaur skeleton (D:5)
  A jelly (D:6)
  3 human skeletons (D:6)
  9 orc wizards
  2 iguanas
  2 worker ants (D:5)
  2 big kobold zombies (Ossuary)
  3 mummies (Ossuary)
  A hound zombie (D:5)
  A hound skeleton (D:5)
  9 gnolls
  A worker ant zombie (D:8)
  A howler monkey skeleton (D:5)
  7 adders
  4 scorpion zombies (Ossuary)
  An adder zombie (D:5)
  An adder skeleton (D:5)
  A worm (D:5)
  2 dart slugs
  5 leopard geckos
  19 orcs
  3 bats
  6 giant cockroaches
  A gnoll zombie (Ossuary)
  4 goblins
  5 hobgoblins
  6 jackals
  4 quokkas
  3 frilled lizards
  2 goblin zombies (Ossuary)
  A hobgoblin zombie (Ossuary)
  A jackal skeleton (D:2)
  7 kobolds
  2 kobold zombies (Ossuary)
  3 orc zombies
  4 rats
178 creatures vanquished.

Notes
Turn   | Place    | Note
-------+----------+-------------------------------------------
     0 | Abyss:1  | Borgoz the Hill Orc Abyssal Knight began the quest for the
                  | Orb.
     0 | Abyss:1  | Reached XP level 1. HP: 19/19 MP: 2/2
     1 | Abyss:1  | Found a corrupted altar of Lugonu.
    67 | Abyss:1  | Noticed a large abomination
    68 | D:1      | Escaped the Abyss
   427 | D:1      | Reached XP level 2. HP: 27/27 MP: 3/3
   459 | D:1      | Found a sparkling altar of Nemelex Xobeh.
   613 | D:1      | Reached * piety under Lugonu
  1003 | D:2      | Found a shadowy altar of Dithmenos.
  1014 | D:2      | Reached skill level 3 in Axes
  1014 | D:2      | Reached XP level 3. HP: 24/35 MP: 4/4
  1021 | D:2      | Reached skill level 5 in Fighting
  1029 | D:2      | Reached XP level 4. HP: 22/42 MP: 4/6
  1036 | D:2      | Reached skill level 1 in Dodging
  2295 | D:4      | Found a staircase to the Ecumenical Temple.
  2337 | Temple   | Entered the Ecumenical Temple
  2642 | D:4      | Reached XP level 5. HP: 47/48 MP: 7/7
  2643 | D:4      | Reached ** piety under Lugonu
  2782 | D:4      | Found Maul's Mayhem Merchandise.
  2918 | D:4      | Reached skill level 4 in Axes
  3220 | D:5      | Entered Level 5 of the Dungeon
  3398 | D:5      | Noticed an ogre
  3727 | D:5      | Reached XP level 6. HP: 45/56 MP: 8/8
  3732 | D:5      | Reached skill level 5 in Axes
  4033 | D:5      | Reached skill level 6 in Axes
  4033 | D:5      | Reached XP level 7. HP: 45/62 MP: 9/9
  4623 | D:5      | Reached skill level 7 in Axes
  4640 | D:5      | Reached skill level 5 in Armour
  4802 | D:5      | Reached XP level 8. HP: 57/70 MP: 10/10
  5086 | D:6      | Reached skill level 8 in Axes
  5306 | D:6      | Found a sand-covered staircase.
  5334 | Ossuary  | Entered an ossuary
  5353 | Ossuary  | Reached skill level 9 in Axes
  5729 | Ossuary  | Reached skill level 10 in Axes
  5783 | Ossuary  | Reached *** piety under Lugonu
  5788 | Ossuary  | Reached XP level 9. HP: 31/79 MP: 11/11
  7354 | D:8      | Reached skill level 11 in Axes
  7629 | D:7      | Got a smoking hand axe
  7630 | D:7      | Identified the +4 hand axe of Quyway {holy, *Noise rF+
                  | Dex+4} (You found it on level 7 of the Dungeon)
  7681 | D:7      | Found a stormy altar of Qazlal.
  8484 | D:8      | Noticed Grum
  8516 | D:8      | Killed Grum
  8568 | D:8      | Found an iron altar of Okawaru.
  8887 | D:8      | Reached skill level 12 in Axes
  8995 | D:8      | Reached XP level 10. HP: 90/90 MP: 12/12
  9467 | D:9      | Reached **** piety under Lugonu
  9481 | D:9      | Noticed a two-headed ogre
  9494 | D:9      | Found a deep blue altar of Sif Muna.
  9513 | D:9      | HP: 1/91 [two-headed ogre/+0 great mace (12)]
  9517 | D:9      | Slain by an ogre

Vault maps used:
D:1:      dpeg_arrival_tiny_h, serial_bayou_pond_b, minivault_5,
          nemelex_altar_shiori
D:2:      old_standard_altar
D:3:      minmay_fountain_box
D:4:      minmay_temple_entry_statues, first_ration, minmay_shop_mayhem,
          minmay_unequal
D:5:      minmay_octagon_keep
D:6:      nicolae_ossuary_entry_catacombs
D:7:      nicolae_qazlal_general_emergency
D:8:      okawaru_humans, hex_large, grunt_pizzeria, nicolae_underground_beach,
          uniq_grum
D:9:      minmay_flawed_box, nicolae_tso_swordbearing_angel,
          minmay_overflow_temple_star_hex, basic_altar, nicolae_two_hexagons
Temple:   dshaligram_water_room_temple
Ossuary:  ossuary_minmay_scorpions

Skill      XL: |  1  2  3  4  5  6  7  8  9 10 |
---------------+-------------------------------+-----
Fighting       | 4 5 6 7 8 9 |  9.1
Axes           | 3 4 6 7 10 12 | 12.5
Dodging        | 1 2 3 4 |  4.0
Armour         | 3 4 5 7 |  7.4
Invocations    | |  2.6

Action                   |  1- 3 |  4- 6 |  7- 9 | 10-12 || total
-------------------------+-------+-------+-------+-------++-------
Melee: Hand axe          |    70 |   181 |   632 |    77 ||   960
Invok: Depart the Abyss  |     1 |       |       |       ||     1
  Use: Potion            |     2 |     1 |     4 |     8 ||    15
       Scroll            |       |     5 |     7 |       ||    12
  Eat: Chunk             |       |    10 |    13 |     1 ||    24
       Ration            |       |       |     1 |       ||     1
Armor: Ring mail         |    38 |    79 |   211 |    37 ||   365
       Leather armour    |     1 |       |       |       ||     1
       Skin              |       |       |       |     3 ||     3
Dodge: Dodged            |    53 |   105 |   281 |    47 ||   486

Table legend:
 A = Non-vault XP
 B = Vault XP
 C = Vault XP percentage of total XP
 D = Non-vault monster count
 E = Vault monster count
 F = Vault count percentage of total count
                 A         B        C        D         E       F
            +---------+---------+-------+---------+---------+-------
      Total |    3133 |    2506 |  44.4 |     123 |      55 |  30.9
            +---------+---------+-------+---------+---------+-------
        D:1 |      25 |       6 |  19.4 |      15 |       2 |  11.8
        D:2 |      73 |       0 |   0.0 |      11 |       0 |   0.0
        D:3 |      48 |       0 |   0.0 |      15 |       0 |   0.0
        D:4 |      69 |      13 |  15.9 |       9 |       1 |  10.0
        D:5 |     643 |     327 |  33.7 |      18 |       9 |  33.3
        D:6 |     529 |     286 |  35.1 |       7 |       6 |  46.2
        D:7 |     454 |       0 |   0.0 |      20 |       0 |   0.0
        D:8 |     525 |     949 |  64.4 |      12 |       6 |  33.3
        D:9 |     767 |     194 |  20.2 |      16 |       5 |  23.8
    Ossuary |       0 |     731 | 100.0 |       0 |      26 | 100.0
            +---------+---------+-------+---------+---------+-------
